 Dungeon Crawl Stone Soup version 0.28.0-45-g0d030f2227 (webtiles) character file.

Game seed: 11205644496068211349

101 GigaChad the Slasher (level 4, 0/36 HPs)
             Began as a Minotaur Chaos Knight on Apr 22, 2022.
             Was a Follower of Okawaru.
             Slain by a goblin
             ... wielding a +0 dagger
             ... led by Robin
              (5 damage)
             ... on level 3 of the Dungeon.
             The game lasted 00:06:25 (1749 turns).

GigaChad the Slasher (Minotaur Chaos Knight)        Turns: 1749, Time: 00:06:25

Health: 0/36       AC:  6    Str: 17    XL:     4   Next: 48%
Magic:  2/3        EV: 10    Int: 11    God:    Okawaru [*.....]
Gold:   174        SH:  0    Dex: 11    Spells: 3/3 levels left

rFire   . . .      SeeInvis .   a - +1 falchion (chaos)
rCold   . . .      Faith    .   (no shield)
rNeg    . . .      Spirit   .   g - +0 scale mail
rPois   .          Reflect  .   (helmet restricted)
rElec   .          Harm     .   (no cloak)
rCorr   .          Rampage  .   (no gloves)
Will    .....                   (no boots)
Stlth   ..........              (no amulet)
HPRegen 0.12/turn               (no ring)
MPRegen 0.08/turn               (no ring)

@: no status effects
A: horns 2, retaliatory headbutt, clever 1, frail 1
a: Renounce Religion, Heroism


You were on level 3 of the Dungeon.
You worshipped Okawaru.
Okawaru was aware of your devotion.
You visited 1 branch of the dungeon, and saw 3 of its levels.

You collected 174 gold pieces.

Inventory:

Hand Weapons
 a - a +1 falchion of chaos (weapon)
 l - a +0 falchion
 n - a +0 trident of venom
Armour
 b - a +2 leather armour
 d - a +1 pair of boots
 g - a +0 scale mail (worn)
 k - a +0 ring mail
Magical Staves
 c - a staff of air
Scrolls
 e - a scroll of immolation {unknown}
 h - a scroll of enchant armour {unknown}
Potions
 f - a potion of curing
 i - a potion of attraction {unknown}
 j - a potion of heal wounds {unknown}
 m - a potion of resistance {unknown}


   Skills:
 + Level 4.2 Fighting
 + Level 4.7 Long Blades
 + Level 3.1 Armour
 + Level 2.3 Dodging
 + Level 1.1 Stealth


You had 3 spell levels left.
You didn't know any spells.
Your spell library was empty.

Dungeon Overview and Level Annotations

Branches:
Dungeon (3/15)

Altars:
Okawaru

Shops:
D:1 !

Annotations:
D:3 Robin


Innate Abilities, Weirdness & Mutations

You have a pair of horns on your head.
You reflexively headbutt those who attack you in melee.
Your mind is acute. (Int +2)
You are frail. (-10% HP)


Message History

The goblin completely misses you.
A goblin comes into view. It is wielding a +0 dagger.
The goblin hits you but does no damage. The goblin hits you with a +0 dagger.
The goblin hits you with a +0 club. The goblin hits you but does no damage.
The goblin hits you with a +0 club.
You hit Robin.
Robin is heavily wounded.
The goblin hits you but does no damage. The goblin closely misses you.
The goblin hits you but does no damage. x2; The goblin closely misses you. x2
You furiously retaliate!
You headbutt the goblin. You hit Robin. You freeze Robin.
Robin is severely wounded.
The goblin hits you but does no damage. The goblin closely misses you.
The goblin barely misses you. x2; The goblin hits you but does no damage. x2
The goblin hits you with a +0 club. The goblin hits you with a +0 dagger.
* * * LOW HITPOINT WARNING * * *
The goblin hits you but does no damage.
Robin roars a battlecry!
The goblin goes into a battle-frenzy!
The goblin closely misses you. You furiously retaliate!
You headbutt the goblin.
You kill the goblin!
Okawaru accepts your kill.
You hit the goblin.
You feel better.
The goblin is severely wounded.
The goblin hits you but does no damage. The goblin completely misses you.
You furiously retaliate!
You headbutt the goblin!
You kill the goblin!
The goblin hits you but does no damage. The goblin misses you.
Robin drinks a potion.
Robin is healed!
Robin looks more healthy.
The goblin closely misses you.
You miss the goblin.
The goblin is severely wounded.
The goblin hits you with a +0 dagger.
* * * LOW HITPOINT WARNING * * *
The goblin barely misses you. The goblin hits you but does no damage.
Robin hits you with a +0 club.
* * * LOW HITPOINT WARNING * * *
The goblin hits you with a +0 dagger.
You die...

# .#### .###
.... ... #..#
..# #..##.####
#.gg......
##g@g#.# #
##.ggg..#
#.######.......#
#..............#
########.......#
##.....## ###
#.....###### #..
#).........# #.#
#.....####.# #.#


You could see Robin and 6 goblins.

Vanquished Creatures
  Terence (D:3)
  Ijyb (D:3)
  An adder (D:2)
  4 dart slugs
  3 endoplasms
  4 giant cockroaches
  3 goblins
  3 hobgoblins
  2 jackals (D:2)
  A quokka (D:1)
  2 ball pythons (D:1)
  4 bats
  2 frilled lizards (D:2)
  2 kobolds (D:2)
  4 rats
37 creatures vanquished.

Notes
Turn   | Place    | Note
-------+----------+-------------------------------------------
     0 | D:1      | GigaChad the Minotaur Chaos Knight began the quest for the
                  | Orb.
     0 | D:1      | Reached XP level 1. HP: 19/19 MP: 0/0
    26 | D:1      | Found a faded altar of an unknown god.
    75 | D:1      | Prayed at the altar of an unknown god.
    75 | D:1      | Fell from the grace of Xom
    75 | D:1      | Became a worshipper of Warmaster Okawaru
    75 | D:1      | Reached * piety under Okawaru
   192 | D:1      | Reached XP level 2. HP: 27/27 MP: 1/1
   193 | D:1      | XOM: give mutations
   193 | D:1      | Gained mutation: Your mind is acute. (Int +2) [Xom's
                  | mischief]
   193 | D:1      | Gained mutation: You are frail. (-10% HP) [Xom's mischief]
   304 | D:1      | Found Poxeupt's Distillery.
   827 | D:2      | Reached XP level 3. HP: 21/29 MP: 2/2
  1370 | D:3      | Noticed Robin
  1531 | D:3      | Noticed Terence
  1535 | D:3      | Killed Terence
  1536 | D:3      | Reached XP level 4. HP: 28/36 MP: 3/3
  1712 | D:3      | Noticed Ijyb
  1716 | D:3      | Killed Ijyb
  1717 | D:3      | Reached skill level 1 in Stealth
  1749 | D:3      | Slain by a goblin

Illustrated notes

Levels and vault maps discovered:
D:1:      dpeg_arrival_arbitrary_c, layout_basic, serial_shops,
          nicolae_shop_hallway_plus,
          hellmonk_ecumenical_altar_pennies_from_heaven, st_stairs_12,
          chequers_serial_rivers_micro_b, minmay_misc_feat_roman
D:2:      layout_rooms
D:3:      layout_loops_ring, serial_shops, shop, minmay_joined_circles,
          uniq_robin, uniq_terence, uniq_ijyb

Skill      XL: |  1  2  3  4 |
---------------+-------------+-----
Fighting       | 4 |  4.2
Long Blades    | 4 |  4.7
Armour         | 3 |  3.1
Dodging        | 2 |  2.3
Stealth        | 1 |  1.1

Action                   |  1- 3 |  4- 6 || total
-------------------------+-------+-------++-------
Melee: Falchion          |    77 |     9 ||    86
       Headbutt          |    13 |     1 ||    14
       Punch             |     1 |       ||     1
Invok: Heroism           |     1 |     1 ||     2
  Use: Scroll            |     4 |       ||     4
Armor: Leather armour    |    30 |       ||    30
       Scale mail        |     5 |    20 ||    25
Dodge: Dodged            |    61 |    17 ||    78
